Map: Emerald City LE

Players

Maula

  • Race: Protoss Protoss
  • League: Diamond
  • Spawn Location: 11:00

Orkmetzler

  • Race: Protoss Protoss
  • League: Gold
  • Spawn Location: 11:00

Massa

  • Race: Terran Terran
  • League: Gold
  • Spawn Location: 5:00

qqq

  • Race: Protoss Protoss
  • League: Platinum
  • Spawn Location: 5:00

VOD

Have the link to the VOD?

Description

Time

  • Played on: Aug. 31, 2020, 3:02 p.m.
  • Length: 6:06
Show
View Real Time Build Order
Export as new Build Order

Maula Protoss 

Build Orders:  

Get SALT Encoding   

  12  0:00  Probe  
  13  0:12  Probe  
  14  0:18  Pylon  
  14  0:24  Probe  
  15  0:36  Probe (Chrono Boost)  
  15  0:40  Forge  
  16  0:46  Probe (Chrono Boost)  
  17  0:51  Probe (Chrono Boost)  
  17  0:57  Pylon  
  18  1:03  Probe  
  19  1:15  Photon Cannon  
  19  1:26  Pylon  
  19  1:39  Pylon  
  19  1:52  Probe  
  20  2:00  Photon Cannon  
  20  2:02  Photon Cannon  
  20  2:14  Assimilator  
  20  2:22  Gateway  
  18  2:32  Probe  
  18  2:44  Probe  
  18  2:49  Assimilator  
  19  2:56  Probe  
  20  3:08  Probe, Nexus  
  21  3:13  Pylon  
  21  3:17  Cybernetics Core  
  21  3:22  Probe, Photon Cannon  
  22  3:33  Gateway  
  22  3:35  Probe  
  23  3:49  Probe  
  23  3:51  Warp Gate (Chrono Boost)  
  24  4:00  Stalker  
  26  4:03  Probe  
  26  4:07  Assimilator  
  27  4:10  Assimilator  
  27  4:13  Pylon  
  27  4:19  Probe  
  28  4:24  Probe  
  28  4:31  Probe  
  30  4:36  Probe  
  31  4:42  Robotics Facility  
  31  4:43  Probe  
  32  4:48  Probe  
  33  4:55  Probe  
  34  5:00  Probe  
  34  5:06  Gateway  
  35  5:07  Probe  
  35  5:09  Photon Cannon  
  35  5:12  Probe  
  37  5:19  Probe, Twilight Council  
  38  5:23  Pylon  
  38  5:25  Probe  
  39  5:30  Observer  
  39  5:31  Probe  
  41  5:35  Stalker  
  41  5:36  Stalker  
  45  5:43  Probe  
  46  5:52  Nexus  
Show
View Real Time Build Order
Export as new Build Order

Orkmetzler Protoss 

Build Orders: Proxy Void Ray 

Get SALT Encoding   

  12  0:00  Probe  
  13  0:12  Probe  
  14  0:18  Pylon  
  14  0:25  Probe  
  15  0:37  Probe, Assimilator  
  16  0:49  Gateway  
  16  1:07  Assimilator  
  16  1:13  Probe (Chrono Boost)  
  17  1:22  Pylon  
  17  1:23  Probe (Chrono Boost)  
  18  1:28  Probe (Chrono Boost)  
  20  1:40  Probe (Chrono Boost)  
  20  1:41  Cybernetics Core  
  20  1:51  Probe (Chrono Boost)  
  21  1:55  Probe (Chrono Boost)  
  21  1:57  Pylon  
  22  2:06  Probe  
  23  2:18  Probe  
  24  2:25  Stargate  
  24  2:46  Stargate  
  24  3:03  Gateway  
  24  3:09  Void Ray (Chrono Boost), Pylon  
  24  3:10  Shield Battery  
  24  3:16  Shield Battery  
  28  3:27  Void Ray (Chrono Boost)  
  32  3:47  Void Ray (Chrono Boost)  
  36  4:04  Void Ray (Chrono Boost)  
  36  4:08  Forge  
  40  4:11  Void Ray (Chrono Boost)  
  44  4:26  Pylon  
  44  4:38  Void Ray  
  48  4:46  Nexus  
Show
View Real Time Build Order
Export as new Build Order

Massa Terran 

Build Orders:  

Get SALT Encoding   

  12  0:01  SCV  
  13  0:13  SCV  
  14  0:24  Supply Depot  
  14  0:25  SCV  
  15  0:30  Refinery  
  15  0:46  SCV  
  15  0:47  Barracks  
  16  0:58  SCV  
  16  1:34  SCV  
  16  1:41  Barracks  
  16  1:46  SCV  
  16  1:55  Supply Depot  
  16  1:57  Supply Depot  
  16  1:58  SCV  
  16  1:59  Supply Depot  
  17  2:10  SCV  
  18  2:19  Supply Depot  
  18  2:27  Supply Depot  
  18  2:28  Reaper  
  19  2:38  Factory  
  19  3:00  Marine  
  19  3:15  Orbital Command  
  19  3:18  Reaper  
  20  3:20  Engineering Bay  
  20  3:24  Barracks  
  20  3:25  Factory Tech Lab  
  20  3:54  Siege Tank  
  23  4:07  Marine  
  23  4:11  Barracks Tech Lab  
  23  4:13  SCV  
  24  4:20  Missile Turret  
  24  4:25  Marine  
  24  4:26  SCV, Siege Tank  
  29  4:39  Marauder  
  29  4:41  Concussive Shells  
  29  4:43  Marine  
  32  5:00  Marauder  
  32  5:03  Command Center  
  32  5:04  Marine  
  30  5:21  Marine  
  30  5:53  Command Center  
Show
View Real Time Build Order
Export as new Build Order

qqq Protoss 

Build Orders:  

Get SALT Encoding   

  12  0:01  Probe  
  13  0:21  Pylon  
  13  0:25  Probe  
  14  0:37  Probe  
  15  0:49  Probe  
  16  0:59  Gateway  
  16  1:02  Probe, Forge  
  17  1:14  Probe  
  18  1:26  Probe  
  19  1:37  Pylon  
  19  1:44  Photon Cannon  
  15  1:58  Photon Cannon  
  15  2:05  Photon Cannon  
  14  2:18  Pylon  
  14  2:20  Photon Cannon  
  14  2:32  Pylon  
  14  2:38  Photon Cannon  
  14  2:56  Probe  
  14  2:58  Pylon  
  14  3:05  Assimilator  
  14  3:10  Assimilator  
  14  3:16  Probe  
  15  3:28  Probe  
  15  3:33  Cybernetics Core  
  16  3:40  Probe  
  17  3:52  Probe  
  17  3:54  Zealot (Chrono Boost)  
  20  4:04  Probe  
  21  4:13  Zealot (Chrono Boost)  
  21  4:16  Probe, Stargate  
  24  4:27  Robotics Facility  
  24  4:28  Probe  
  25  4:38  Zealot  
  25  4:40  Probe  
  28  4:47  Stargate  
  29  4:52  Probe  
  29  5:03  Phoenix  
  31  5:32  Pylon  
  31  5:33  Pylon  
  31  5:50  Probe  
  31  5:51  Pylon  
Tags
 
Add a new tag
Caveats
  • Supply blocks, unpowered buildings, or Contaminate may cause inaccurate times.
  • Supply counts are checked every 10 seconds.